AoeStats
← 布丁

Black Forest

505356953Analyzed
4v4 RM · 24d ago on Sep 9, 2026· 68m 37s· 8 players
Game mode
Random Map
Map size
Large (8 player)
Population
200
Speed
Normal
Resources
Standard
Victory
Conquest
Starting age
Dark Age
Ending age
Imperial Age
RankedLock teamsTeams togetherTeam positionsShared explorationLock speedFull tech treeHidden civsTurbo modeCheats
Victory
Defeat
🇵🇪 Slavs · Peru
852
+11
🇦🇷 Franks · Argentina
822
+13
🇹🇼 Goths · Taiwan
751
+35
🇬🇧 Persians · United Kingdom
686
+18
🇨🇴 Bohemians · Colombia
766
-15
🇺🇸 Britons · United States
764
-15
🇺🇸 Spanish · United States
749
-15
🇨🇴 Berbers · Colombia
696
-13
Dumbzie
0:37 Loom
14:10 Feudal Age
24:08 Castle Age
22:07 Stone Mining
21:58 Horse Collar
22:07 Double-Bit Axe
22:15 Gold Mining
29:16 Bow Saw
29:13 Heavy Plow
29:52 Gold Shaft Mining
35:10 Imperial Age
33:26 Caravan
34:10 Wheelbarrow
33:34 Town Watch
35:41 Hand Cart
35:30 Town Patrol
35:36 Padded Archer Armor
35:27 Fletching
37:40 Two-Man Saw
38:56 Leather Archer Armor
38:36 Bodkin Arrow
38:42 Elite Longbowman
39:43 Conscription
40:11 Ring Archer Armor
46:35 Ballistics
47:16 Chemistry
46:29 Fortified Wall
46:19 Murder Holes
55:49 Forging
55:39 Bracer
55:40 Scale Mail Armor
56:14 Gambesons
55:49 Pikeman
56:29 Squires
56:15 Arson
57:08 Iron Casting
56:52 Halberdier
59:31 Man-at-Arms
67:13 Blast Furnace
66:29 Chain Mail Armor
67:54 Long Swordsman
AzureMan
0:36 Loom
11:34 Feudal Age
13:01 Wheelbarrow
12:15 Double-Bit Axe
18:25 Castle Age
17:07 Fletching
17:30 Stone Mining
19:33 Hand Cart
19:42 Bow Saw
19:17 Horse Collar
20:51 Bodkin Arrow
21:10 Heavy Plow
21:01 Town Watch
25:20 Gold Mining
28:29 Stone Shaft Mining
34:45 Imperial Age
37:12 Two-Man Saw
37:27 Conscription
39:21 Chemistry
38:43 Ballistics
38:34 Masonry
38:32 Town Patrol
39:45 Elite Conquistador
40:29 Bracer
40:30 Padded Archer Armor
46:07 Hoardings
46:07 Architecture
45:32 Murder Holes
DolphinPizza
6:10 Loom
12:49 Feudal Age
18:00 Castle Age
17:07 Double-Bit Axe
23:50 Horse Collar
26:11 Bow Saw
28:07 Wagenburg Tactics
33:02 Imperial Age
31:16 Husbandry
33:54 Scale Barding Armor
33:17 Cavalier
34:24 Heavy Plow
38:25 Conscription
40:43 Chain Barding Armor
44:22 Ballistics
43:43 Treadmill Crane
45:13 Wheelbarrow
45:41 Chemistry
48:03 Pikeman
49:22 Heavy Scorpion
51:16 Hand Cart
50:47 Halberdier
53:56 Squires
53:41 Arson
Arcanine1220
3:31 Loom
14:52 Feudal Age
27:02 Castle Age
26:20 Wheelbarrow
26:15 Horse Collar
26:52 Double-Bit Axe
28:10 Caravan
28:43 Coinage
31:38 Stone Mining
33:04 Hand Cart
37:45 Gold Mining
38:31 Stone Shaft Mining
42:55 Imperial Age
42:18 Gold Shaft Mining
41:06 Pikeman
41:46 Squires
41:30 Treadmill Crane
42:12 Ballistics
41:49 Arson
42:17 Fortified Wall
42:03 Murder Holes
43:32 Masonry
44:27 Bow Saw
44:47 Conscription
44:30 Kasbah
45:44 Banking
44:45 Onager
44:55 Elite Camel Archer
46:04 Town Watch
47:45 Chemistry
49:07 Heavy Scorpion
50:23 Maghrebi Camels
52:45 Heavy Camel Rider
53:25 Husbandry
53:36 Bloodlines
Greenland Viking
2:04 Loom
11:45 Feudal Age
16:41 Double-Bit Axe
19:03 Castle Age
17:53 Fishing Lines
17:57 Horse Collar
18:10 Fletching
20:43 Wheelbarrow
25:15 Fervor
32:51 Imperial Age
31:22 Forging
31:08 Bodkin Arrow
31:19 Scale Barding Armor
31:38 Ballistics
31:23 Padded Archer Armor
31:26 Kamandaran
32:12 Bow Saw
31:54 Crossbowman
32:49 Thumb Ring
33:52 Conscription
36:17 Caravan
36:58 Hand Cart
37:27 Iron Casting
37:12 Chain Barding Armor
37:08 Leather Archer Armor
36:57 Elite War Elephant
39:30 Blast Furnace
40:12 Two-Man Saw
41:54 Husbandry
42:05 Bloodlines
42:14 Stone Mining
42:15 Gold Mining
42:30 Heavy Plow
43:09 Plate Barding Armor
47:23 Citadels
49:03 Heavy Camel Rider
49:47 Elite Skirmisher
55:42 Ring Archer Armor
56:16 Chemistry
55:27 Masonry
55:13 Murder Holes
68:28 Town Watch
-Nv.~|Annier^^!|
0:58 Loom
11:55 Feudal Age
13:17 Wheelbarrow
12:31 Double-Bit Axe
17:14 Horse Collar
22:13 Castle Age
20:49 Stone Mining
22:01 Gold Mining
23:10 Hand Cart
23:12 Bow Saw
25:12 Heavy Plow
33:19 Imperial Age
31:42 Detinets
32:47 Gold Shaft Mining
32:18 Town Watch
33:37 Ballistics
33:10 Fletching
33:30 Forging
35:02 Two-Man Saw
34:43 Onager
37:00 Crop Rotation
36:55 Masonry
37:07 Conscription
37:51 Scale Barding Armor
37:36 Pikeman
38:39 Halberdier
39:20 Squires
40:27 Chemistry
40:42 Siege Engineers
40:32 Murder Holes
40:48 Fortified Wall
40:32 Guard Tower
42:05 Bodkin Arrow
42:45 Iron Casting
41:34 Light Cavalry
42:24 Bloodlines
42:15 Husbandry
42:57 Caravan
42:50 Hussar
45:40 Blast Furnace
45:43 Druzhina
47:24 Scale Mail Armor
49:21 Chain Mail Armor
49:27 Chain Barding Armor
51:42 Town Patrol
52:18 Plate Barding Armor
52:14 Plate Mail Armor
52:00 Padded Archer Armor
56:51 Elite Boyar
58:06 Hoardings
59:28 Block Printing
60:43 Siege Onager
60:43 Heavy Scorpion
DaniSaintM
10:16 Feudal Age
10:46 Double-Bit Axe
17:01 Castle Age
18:06 Gold Mining
18:58 Bow Saw
22:54 Stone Mining
25:48 Wheelbarrow
27:18 Scale Barding Armor
27:24 Forging
31:40 Husbandry
32:33 Iron Casting
32:48 Chain Barding Armor
33:25 Hand Cart
37:08 Imperial Age
34:39 Town Watch
35:58 Gold Shaft Mining
36:35 Loom
37:37 Cavalier
38:00 Pikeman
39:44 Halberdier
40:28 Scale Mail Armor
42:01 Blast Furnace
43:31 Plate Barding Armor
48:38 Paladin
52:58 Conscription
54:52 Chain Mail Armor
布丁
1:08 Loom
15:39 Feudal Age
17:50 Wheelbarrow
20:35 Castle Age
19:16 Double-Bit Axe
20:56 Town Watch
25:01 Hand Cart
25:34 Gold Mining
25:35 Stone Mining
29:49 Bow Saw
35:52 Imperial Age
35:33 Anarchy
36:15 Scale Mail Armor
36:26 Forging
35:43 Pikeman
36:23 Squires
36:35 Perfusion
37:01 Conscription
36:50 Halberdier
38:02 Caravan
39:31 Chemistry
39:04 Chain Mail Armor
39:25 Iron Casting
42:33 Blast Furnace
43:29 Two-Man Saw
43:05 Town Patrol
44:15 Padded Archer Armor
44:06 Fletching
44:04 Elite Huskarl
Connection lost

Rejoining the realm…

Still unreachable

The connection could not be restored.

Session expired

The server has moved on; the page needs a fresh start.